 Dungeon Crawl Stone Soup version 0.25-a0-474-ga8a2ee3166 (webtiles) character file.

Game seed: 14046833568354149050, levelgen mode: deterministic

15221 Ijustatesigmund the Protected (level 12, -15/87 HPs)
             Began as a Human Gladiator on Feb 7, 2020.
             Was a Priest of the Shining One.
             Killed from afar by a fire giant (49 damage)
             ... with a bolt of fire
             ... on level 11 of the Dungeon.
             The game lasted 00:30:46 (14886 turns).

Ijustatesigmund the Protected (Human Gladiator)    Turns: 14886, Time: 00:30:48

Health: -15/87     AC: 31    Str: 19    XL:     12   Next: 55%
Magic:  18/18      EV:  5    Int:  8    God:    the Shining One [***...]
Gold:   537        SH:  5    Dex: 16    Spells: 10/11 levels left

rFire    . . .     SeeInvis .   a - +4 scimitar (holy)
rCold    . . .     Gourm    .   i - +0 buckler
rNeg     + . .     Faith    .   j - +2 crystal plate armour
rPois    +         Spirit   .   c - +1 helmet
rElec    .         Reflect  .   x - +1 cloak
rCorr    .         Harm     .   (no gloves)
MR       .....                  w - +0 pair of boots "Gimn" {rPois}
Stlth    ..........             g - amulet of rage
HPRegen  0.24/turn              n - ring of poison resistance
MPRegen  0.16/turn              (no ring)

@: about to teleport, glowing, studying Armour
A: fangs 1, rugged brown scales 1, frail 1, wild magic 1
a: Divine Shield, Renounce Religion, Evoke Berserk Rage


You were on level 11 of the Dungeon.
You worshipped the Shining One.
The Shining One was most pleased with you.
You were hungry.

You visited 2 branches of the dungeon, and saw 12 of its levels.
You also visited: Sewer.

You collected 537 gold pieces.

Inventory:

Hand Weapons
 a - a +4 scimitar of holy wrath (weapon)
 v - a +1 long sword
 B - a +1 war axe of flaming
Missiles
 r - 59 poisoned darts
 t - a throwing net (quivered)
Armour
 c - a +1 helmet (worn)
 i - a +0 buckler (worn)
 j - a +2 crystal plate armour (worn)
 w - the +0 pair of boots "Gimn" (worn) {rPois}
   (You found it on level 8 of the Dungeon)

   It protects you from poison.
   If you remove this armour, your AC will fall 1 point (31 -> 30)
 x - a +1 cloak (worn)
 y - a +1 hat of intelligence
Jewellery
 e - an uncursed ring of ice
 g - an amulet of rage (around neck)
 n - a ring of poison resistance (left hand)
Wands
 b - a wand of polymorph (7)
 u - a wand of iceblast (6)
Scrolls
 d - 3 scrolls of fog
 h - 10 scrolls of identify
 o - 2 scrolls of remove curse
 p - 2 scrolls of fear
 s - 2 scrolls of magic mapping
Potions
 q - 2 potions of curing
 z - 10 potions of degeneration
 A - a potion of brilliance
Books
 l - a manual of Armour
Comestibles
 f - 25 rations


   Skills:
 - Level 8.7 Fighting
 - Level 9.0 Long Blades
 + Level 4.0 Axes
 - Level 2.0 Throwing
 - Level 12.7 Armour
 - Level 4.2 Dodging
 - Level 4.6 Shields
 - Level 8.5 Invocations
 - Level 5.6 Evocations


You had 10 spell levels left.
You knew the following spells:

 Your Spells              Type           Power        Failure   Level  Hunger
a - Magic Dart            Conj           #...         100%        1    ##.....

Your spell library contained the following spells:

 Spells                   Type           Power        Failure   Level  Hunger
 Corona                   Hex            #......      100%        1    ##.....
 Blink                    Tloc           N/A          100%        2    ###....
 Call Imp                 Summ           #.......     100%        2    ###....
 Slow                     Hex            #.......     100%        2    ###....
 Conjure Flame            Conj/Fire      #.......     100%        3    ####...
 Inner Flame              Hex/Fire       #.......     100%        3    ####...
 Mephitic Cloud           Conj/Pois/Air  #.......     100%        3    ####...
 Portal Projectile        Hex/Tloc       #.....       100%        3    ####...
 Cause Fear               Hex            #.........   100%        4    #####..
 Leda's Liquefaction      Hex/Erth       #.........   100%        4    #####..
 Bolt of Magma            Conj/Fire/Erth #.........   100%        5    ######.
 Iskenderun's Battlesphe  Conj/Chrm      #.......     100%        5    ######.
 Iron Shot                Conj/Erth      #.........   100%        6    #######
 Orb of Destruction       Conj           #.........   100%        7    #######
 Spellforged Servitor     Conj/Summ      #.........   100%        7    #######


Dungeon Overview and Level Annotations

Branches:
Dungeon (11/15)            Temple (1/1) D:7            Lair (0/6) D:10
    Orc (0/2) D:10          Sewer (visited)

Altars:
Ashenzari
Cheibriados
Fedhas
Gozag
Hepliaklqana
Makhleb
Nemelex Xobeh
Okawaru
Qazlal
Sif Muna
Uskayaw
Vehumet
Xom
The Shining One

Shops:
D:5 :

Annotations:
D:11 feta's ghost, journeyman FoFi


Innate Abilities, Weirdness & Mutations

You have very sharp teeth.
You are partially covered in rugged brown scales. (AC +1, +3% HP)
You are frail. (-10% HP)
Your spells are a little harder to cast, but a little more powerful.


Message History

Feta's ghost is lightly damaged.
The fire giant gestures at you while chanting.
The bolt of fire hits you! Feta's ghost closely misses you.
You riposte.
You hit feta's ghost but do no damage. Your bite misses feta's ghost.
Feta's ghost is lightly damaged.
You slash feta's ghost!
Feta's ghost convulses.
Feta's ghost is moderately damaged.
The fire giant hits you with a +2 great sword of flaming!!
The fire giant burns you! You block feta's ghost's attack.
You hit feta's ghost but do no damage.
Feta's ghost is moderately damaged.
The fire giant hits you but does no damage.
Feta's ghost hits you but does no damage.
As you read the scroll of teleportation, it crumbles to dust.
You feel strangely unstable.
Feta's ghost hits you but does no damage.
The fire giant gestures at you while chanting.
The bolt of fire hits you!!!
Ouch! That really hurt!
You die...

#########.....................###
#..########..#######..# #..# #..#
#.)# #..# #..# #))# #### #..#
#..#######))### ....
...########.............. ....
..........#####.......... ####
........##∩8.##.......##
#@#F$$$.#.......#
##CWZ.$$8#.......#
#.Wy$_8$∩#.......#
#.['$.$.8#.....(.#
#########.#####..#$$$..#.......#
†...[............##.8.##
..................#####
##..#############..# #..# #..#


You could see a fire giant, a hornet, a shadow, a bullfrog, feta's ghost and a
hound skeleton.

Vanquished Creatures
  Gastronok (D:10)
  A two-headed ogre (D:11)
  An unseen horror (D:10)
  Pikel (D:5)
  A manticore (D:10)
  A gargoyle (D:11)
  A komodo dragon (D:11)
  A queen bee (D:9)
  2 hippogriffs
  Sigmund (D:6)
  2 wraiths (D:10)
  13 yaks
  An acid dragon (D:11)
  3 orc warriors
  4 porcupines (D:10)
  A black bear (D:6)
  A water moccasin (D:7)
  A swamp drake (D:10)
  4 phantoms
  3 ice beasts
  Purgy (Sewer)
  A necrophage (D:5)
  5 ogres
  10 centaurs
  4 crocodiles (D:10)
  4 bullfrogs
  2 big kobolds (D:11)
  A wyvern zombie (D:8)
  Blork the orc (D:6)
  5 scorpions
  36 killer bees
  6 wights (D:11)
  3 howler monkeys (D:5)
  5 crimson imps
  3 centaur zombies
  A quasit (D:10)
  2 bullfrog zombies
  8 orc priests
  10 orc wizards
  6 hounds
  2 bullfrog skeletons
  3 iguanas
  16 worker ants
  A hound zombie (D:9)
  A hound skeleton (D:4)
  2 howler monkey skeletons
  5 gnolls
  16 adders
  3 shadow imps
  3 oozes
  2 adder skeletons
  4 worms
  A dart slug (D:2)
  7 leopard geckos
  43 orcs
  14 giant cockroaches
  8 goblins
  11 hobgoblins
  18 kobolds
  8 quokkas
  3 ball pythons
  A ball python skeleton (D:4)
  5 bats
  7 frilled lizards
  A giant cockroach zombie (D:6)
  A jackal zombie (D:5)
  3 rats
347 creatures vanquished.

Vanquished Creatures (others)
  A jelly (D:5)
  A hound zombie (D:7)
  3 fungi (D:10)
  6 plants (D:10)
11 creatures vanquished.

Grand Total: 358 creatures vanquished

Notes
Turn   | Place    | Note
-------+----------+-------------------------------------------
     0 | D:1      | Ijustatesigmund the Human Gladiator began the quest for the
                  | Orb.
     0 | D:1      | Reached XP level 1. HP: 16/16 MP: 1/1
   204 | D:1      | Reached XP level 2. HP: 22/23 MP: 2/2
   529 | D:1      | Gained mutation: You have very sharp teeth. [potion of
                  | mutation]
   529 | D:1      | Gained mutation: Your spells are a little harder to cast,
                  | but a little more powerful. [potion of mutation]
   529 | D:1      | Gained mutation: You are frail. (-10% HP) [potion of
                  | mutation]
   529 | D:1      | Gained mutation: You are partially covered in rugged brown
                  | scales. (AC +1, +3% HP) [potion of mutation]
   928 | D:2      | Found a radiant altar of Vehumet.
   942 | D:2      | Reached XP level 3. HP: 5/26 MP: 3/3
  1322 | D:2      | Reached XP level 4. HP: 27/32 MP: 4/4
  1734 | D:2      | Reached XP level 5. HP: 27/38 MP: 5/5
  1831 | D:2      | Found an iron altar of Okawaru.
  1873 | D:2      | Found a sparkling altar of Nemelex Xobeh.
  2005 | D:3      | Learned a level 1 spell: Magic Dart
  2084 | D:3      | Found a shimmering altar of Xom.
  2168 | D:3      | Reached skill level 1 in Shields
  2303 | D:3      | Reached XP level 6. HP: 41/44 MP: 6/6
  2429 | D:3      | Found a shimmering altar of Xom.
  2431 | D:3      | Found a shimmering altar of Xom.
  2432 | D:3      | Found a shimmering altar of Xom.
  2433 | D:3      | Found a shimmering altar of Xom.
  2433 | D:3      | Found a shimmering altar of Xom.
  2445 | D:3      | Found a shimmering altar of Xom.
  2496 | D:3      | Found a glowing drain.
  2526 | Sewer    | Entered a sewer
  2556 | Sewer    | Noticed Purgy
  2575 | Sewer    | Killed Purgy
  2575 | Sewer    | Reached skill level 5 in Long Blades
  3082 | D:3      | Found a shimmering altar of Xom.
  3185 | D:4      | Reached XP level 7. HP: 51/51 MP: 7/7
  3370 | D:5      | Entered Level 5 of the Dungeon
  3581 | D:5      | Reached skill level 5 in Fighting
  4259 | D:4      | Reached XP level 8. HP: 57/57 MP: 8/8
  4646 | D:5      | Noticed Pikel
  4670 | D:5      | Killed Pikel
  4670 | D:5      | Reached skill level 2 in Armour
  4728 | D:5      | Found a shattered altar of Ashenzari.
  4738 | D:5      | Found Maroulywn's Book Boutique.
  4858 | D:5      | Reached skill level 3 in Armour
  4929 | D:5      | Reached XP level 9. HP: 56/65 MP: 9/9
  6413 | D:6      | Reached skill level 4 in Armour
  6763 | D:6      | Found an opulent altar of Gozag.
  6775 | D:6      | Noticed Sigmund
  6850 | D:6      | Killed Sigmund
  7570 | D:6      | Reached skill level 5 in Armour
  7716 | D:6      | Noticed Blork the orc
  7730 | D:6      | Killed Blork the orc
  8017 | D:7      | Reached skill level 6 in Armour
  8097 | D:7      | Reached XP level 10. HP: 74/74 MP: 10/10
  8160 | D:7      | Found a staircase to the Ecumenical Temple.
  8169 | Temple   | Entered the Ecumenical Temple
  8171 | Temple   | Reached skill level 7 in Armour
  8332 | Temple   | Became a worshipper of the Shining One
  8738 | D:7      | Reached skill level 1 in Invocations
  9498 | D:8      | Reached skill level 8 in Armour
  9555 | D:8      | Got a pair of smoking boots
  9561 | D:8      | Identified the +0 pair of boots "Gimn" {rPois} (You found
                  | it on level 8 of the Dungeon)
  9666 | D:8      | Found a shimmering blue altar of Sif Muna.
  9667 | D:8      | Found a blossoming altar of Fedhas.
  9692 | D:8      | Found a hide-covered altar of Uskayaw.
  9815 | D:8      | Reached * piety under the Shining One
 10179 | D:9      | Reached skill level 9 in Armour
 10218 | D:9      | Found a burning altar of Makhleb.
 10801 | D:9      | Reached skill level 5 in Invocations
 10839 | D:9      | Reached skill level 10 in Armour
 10980 | D:9      | Reached skill level 1 in Evocations
 10980 | D:9      | Reached XP level 11. HP: 48/79 MP: 15/15
 11590 | D:10     | Entered Level 10 of the Dungeon
 11650 | D:10     | Noticed Gastronok
 11716 | D:10     | Reached skill level 11 in Armour
 11725 | D:10     | Reached ** piety under the Shining One
 12452 | D:10     | Found a staircase to the Lair.
 12994 | D:10     | Found a staircase to the Orcish Mines.
 13007 | D:10     | Killed Gastronok
 13007 | D:10     | Reached skill level 12 in Armour
 13543 | D:10     | Reached XP level 12. HP: 86/86 MP: 17/17
 13752 | D:11     | Noticed an unseen horror
 13769 | D:10     | Reached skill level 5 in Evocations
 14049 | D:10     | Killed an unseen horror
 14414 | D:11     | Reached *** piety under the Shining One
 14650 | D:11     | Reached skill level 1 in Axes
 14736 | D:11     | Noticed a two-headed ogre
 14744 | D:11     | Killed a two-headed ogre
 14818 | D:11     | Found a runed translucent gate.
 14819 | D:11     | Found a runed translucent gate.
 14820 | D:11     | Found a runed translucent gate.
 14821 | D:11     | Found an opulent altar of Gozag.
 14822 | D:11     | Noticed feta's ghost (journeyman FoFi)
 14825 | D:11     | Noticed a fire giant
 14886 | D:11     | Killed from afar by a fire giant

Levels and vault maps discovered:
D:1:      nzn_arrival_depleted_hourglass, layout_basic, st_stairs_3,
          chequers_serial_rivers_micro_d
D:2:      layout_rooms, lemuel_round_altar, okawaru_altar_gauntlet_db,
          first_ration, nemelex_diamond_rough_becter
D:3:      layout_basic, lemuel_coloured_pillars_altar, gup_sewer_entry_glass,
          xom_redecorated
D:4:      layout_basic, serial_bayou, serial_bayou_ford_a, serial_bayou_pond_d,
          serial_bayou_lake_a, serial_bayou_lagoon_b, nrook_loot_triangle
D:5:      layout_basic, cheibrodos_ashenzari_chains, serial_shops, shop,
          kennysheep_generic_room_9, uniq_pikel
D:6:      layout_loops_ring, nicolae_overflow_crystal_walls,
          minmay_manual_macuahuitl, uniq_blork_the_orc, uniq_sigmund
D:7:      layout_basic, minmay_temple_entry_trees, grunt_ogre_cave,
          solitary_fountain
D:8:      layout_loops_cross, old_standard_altar, minitemple,
          serial_bayou_lagoon_a
D:9:      layout_basic, kennysheep_mini_moat, special_room [special_room_bee]
D:10:     layout_stronghold, minmay_lair_entry_grove, erik_orc_1, uniq_gastronok
D:11:     layout_long_grid, ebering_ghost_gozag
Temple:   nicolae_temple_figure_eight

Skill      XL: |  1  2  3  4  5  6  7  8  9 10 11 12 |
---------------+-------------------------------------+-----
Fighting       | 3 4 5 6 7 8 |  8.7
Long Blades    | 4 5 6 8 9 |  9.0
Shields        | 1 2 3 4 |  4.6
Dodging        | 4 |  4.2
Armour         | 3 6 10 12 | 12.7
Invocations    | 5 7 8 |  8.5
Evocations     | 1 4 5 |  5.6
Axes           | 4 |  4.0
Throwing       | |  2.0

Action                   |  1- 3 |  4- 6 |  7- 9 | 10-12 || total
-------------------------+-------+-------+-------+-------++-------
Melee: Long sword        |    58 |   141 |   320 |       ||   519
       Bite              |     7 |    20 |    53 |    74 ||   154
       Scimitar          |       |       |    23 |   682 ||   705
Throw: Throwing net      |     1 |     3 |       |       ||     4
Invok: Divine Shield     |       |       |       |     3 ||     3
 Abil: Evoke Berserk Rag |       |       |       |     2 ||     2
Evoke: Wand              |       |       |     1 |     6 ||     7
  Use: Scroll            |     4 |     2 |    12 |     9 ||    27
       Potion            |     2 |       |     3 |     1 ||     6
 Stab: Sleeping          |     1 |       |       |       ||     1
       Held in net/web   |       |     5 |       |       ||     5
       Invisible         |       |       |     1 |       ||     1
  Eat: Chunk             |     1 |     6 |     6 |    11 ||    24
       Ration            |       |       |     3 |     4 ||     7
Armor: Leather armour    |    18 |    17 |       |       ||    35
       Ring mail         |       |    42 |   104 |    40 ||   186
       Skin              |       |       |    21 |       ||    21
       Crystal plate arm |       |       |       |   592 ||   592
Dodge: Dodged            |    48 |   102 |   200 |   220 ||   570
Block: Buckler           |       |    20 |    65 |   302 ||   387
       Rpst.: Long sword |    11 |    31 |    60 |       ||   102
       Scimitar          |       |       |     1 |    70 ||    71

Table legend:
 A = Non-vault XP
 B = Vault XP
 C = Vault XP percentage of total XP
 D = Non-vault monster count
 E = Vault monster count
 F = Vault count percentage of total count
                 A         B        C        D         E       F
            +---------+---------+-------+---------+---------+-------
      Total |   13585 |    8160 |  37.5 |     266 |      81 |  23.3
            +---------+---------+-------+---------+---------+-------
        D:1 |      20 |       4 |  16.7 |      12 |       2 |  14.3
        D:2 |     100 |      36 |  26.5 |      18 |       6 |  25.0
        D:3 |     141 |      19 |  11.9 |      26 |       4 |  13.3
        D:4 |     361 |       0 |   0.0 |      19 |       0 |   0.0
        D:5 |     660 |     629 |  48.8 |      24 |       1 |   4.0
        D:6 |    1023 |     416 |  28.9 |      25 |       4 |  13.8
        D:7 |    1184 |     118 |   9.1 |      18 |       1 |   5.3
        D:8 |     985 |     368 |  27.2 |      28 |       6 |  17.6
        D:9 |     508 |    1478 |  74.4 |       8 |      19 |  70.4
       D:10 |    4146 |    4927 |  54.3 |      33 |      30 |  47.6
       D:11 |    4300 |       0 |   0.0 |      52 |       0 |   0.0
     Temple |     157 |       0 |   0.0 |       3 |       0 |   0.0
      Sewer |       0 |     165 | 100.0 |       0 |       8 | 100.0
            +---------+---------+-------+---------+---------+-------
